 Dungeon Crawl Stone Soup version 0.28-a0-664-gc179e30c89 (webtiles) character file.

Game seed: 11493141238919105107

385 timneilson the Shield-Bearer (level 6, -1/38 HPs)
             Began as a Gargoyle Fighter on Oct 17, 2021.
             Slain by an ogre (9 damage)
             ... on level 4 of the Dungeon.
             The game lasted 00:04:41 (3385 turns).

timneilson the Shield-Bearer (Gargoyle Fighter)     Turns: 3385, Time: 00:04:42

Health: -1/38      AC: 14    Str: 22    XL:     6   Next: 77%
Magic:  0/6        EV:  8    Int:  8    God:
Gold:   121        SH:  5    Dex:  9    Spells: 5/5 levels left

rFire   . . .      SeeInvis .   a - +0 long sword
rCold   . . .      Faith    .   c - +1 buckler
rNeg    + . .      Spirit   +   j - +0 chain mail
rPois   ∞          Reflect  .   (no helmet)
rElec   +          Harm     .   (no cloak)
rCorr   .          Rampage  .   (no gloves)
Will    +....                   (no boots)
Stlth   ..........              b - amulet of guardian spirit
HPRegen 0.12/turn               f - ring of willpower
MPRegen 0.10/turn               (no ring)

@: mighty, hasted, very quick
A: sickness immunity, AC +4, negative energy resistance 1, electricity
resistance, torment resistance 1, petrification resistance
a: no special abilities


You were on level 4 of the Dungeon.
You visited 1 branch of the dungeon, and saw 4 of its levels.

You collected 121 gold pieces.

Inventory:

Hand Weapons
 a - a +0 long sword (weapon)
Armour
 c - a +1 buckler (worn)
 j - a +0 chain mail (worn)
Jewellery
 b - an amulet of guardian spirit (around neck)
 f - a ring of willpower (left hand)
Scrolls
 h - 2 scrolls of identify
Potions
 e - a potion of haste
 g - a potion of lignification
 k - a potion of resistance


   Skills:
 + Level 4.2 Fighting
 * Level 3.6 Long Blades
 * Level 4.8 Armour
 + Level 1.5 Dodging
 * Level 4.8 Shields


You had 5 spell levels left.
You didn't know any spells.
Your spell library contained the following spells:

 Spells                   Type           Power      Damage    Failure   Level
 Magic Dart               Conj           0%         1d3       98%         1
 Call Imp                 Summ           0%         N/A       99%         2
 Mephitic Cloud           Conj/Pois/Air  0%         N/A       100%        3
 Stone Arrow              Conj/Erth      0%         3d7       100%        3
 Animate Armour           Summ/Erth      0%         N/A       100%        4
 Lehudib's Crystal Spear  Conj/Erth      0%         10d2      100%        8


Dungeon Overview and Level Annotations

Branches:
Dungeon (4/15)
 Temple: D:4-7

Altars:
Wu Jian

Shops:
D:4 (


Innate Abilities, Weirdness & Mutations

You are immune to sickness and miasma.
Your stone body is resilient. (AC +4)
You are immune to poison.
You resist negative energy. (rN+)
You are resistant to electric shocks. (rElec)
You are resistant to unholy torment.
You are immune to petrification.


Message History

The ogre hits you with a +0 giant club. The orc completely misses you.
The quokka bites you but does no damage.
You block the orc's attack.
You are too injured to fight recklessly!
You are too injured to fight recklessly!
You are too injured to fight recklessly!
You are too injured to fight recklessly!
You are too injured to fight recklessly!
You block the orc's attack.
There is an open door here.
Unknown command.
You block the quokka's attack.
You barely miss the quokka.
The quokka is heavily wounded.
The quokka bites you but does no damage.
You barely miss the quokka.
The quokka is heavily wounded.
You block the quokka's attack. The quokka barely misses you.
You slash the quokka!
You kill the quokka!
You hit the ogre.
The ogre is lightly wounded.
The ogre hits you but does no damage.
You barely miss the ogre.
The ogre is lightly wounded.
The ogre hits you with a +0 giant club!
You closely miss the ogre.
The ogre is lightly wounded.
You block the ogre's attack.
You feel yourself speed up. The ogre hits you with a +0 giant club.
* * * LOW HITPOINT WARNING * * *
You feel as though your hastened speed will last longer.
You feel very mighty all of a sudden. The ogre barely misses you.
You closely miss the ogre.
The ogre is lightly wounded.
You slice the ogre!!
The ogre is severely wounded.
The ogre hits you with a +0 giant club!
You die...

######### ........# #######
........# #...(.. ........#
#......
........#############......
........oO@................
........############.......
........# #.......
........# ##.......
......... +.....>..
###...... ##..(....
........ #.#+#.#. .........
#.# #.#. # #.#.


You could see an ogre and an orc.

Vanquished Creatures
  A hornet zombie (D:3)
  A scorpion (D:3)
  An iguana (D:4)
  A scorpion zombie (D:3)
  2 orc wizards
  4 adders
  2 worms
  A dart slug (D:1)
  8 orcs
  6 bats
  5 endoplasms
  3 giant cockroaches
  2 goblins (D:2)
  7 hobgoblins
  4 jackals (D:1)
  A quokka (D:4)
  8 ball pythons
  15 frilled lizards
  7 kobolds
  10 rats
89 creatures vanquished.

Vanquished Creatures (others)
  6 plants (D:1)
6 creatures vanquished.

Grand Total: 95 creatures vanquished

Notes
Turn   | Place    | Note
-------+----------+-------------------------------------------
     0 | D:1      | timneilson the Gargoyle Fighter began the quest for the
                  | Orb.
     0 | D:1      | Reached XP level 1. HP: 14/14 MP: 1/1
   146 | D:1      | Reached XP level 2. HP: 19/19 MP: 2/2
   466 | D:1      | Found a faded altar of an unknown god.
   620 | D:1      | Reached XP level 3. HP: 23/23 MP: 3/3
  1359 | D:2      | Reached XP level 4. HP: 26/28 MP: 4/4
  1616 | D:2      | Found an ornate altar of the Wu Jian Council.
  1972 | D:3      | Noticed a scorpion
  1982 | D:3      | Killed a scorpion
  1983 | D:3      | Reached skill level 1 in Dodging
  1983 | D:3      | Reached XP level 5. HP: 27/33 MP: 5/5
  2548 | D:3      | Reached XP level 6. HP: 38/38 MP: 6/6
  2707 | D:3      | HP: 1/38 [hornet zombie (2)]
  3308 | D:4      | Found Zuho's Firing Range.
  3385 | D:4      | Slain by an ogre

Illustrated notes

Levels and vault maps discovered:
D:1:      lightli_arrival_chessboard, layout_basic,
          ebering_ecumenical_altar_webs, minmay_lizard_king
D:2:      layout_loops_corners, basic_altar, minivault_23, nrook_mini_vaults,
          minmay_pentomino_w4
D:3:      layout_loops_cross
D:4:      layout_basic, grunt_dithmenos_smoke, serial_shops,
          nicolae_shop_behind_doors, nicolae_shop_firing_range

Skill      XL: |  1  2  3  4  5 |
---------------+----------------+-----
Long Blades    | 2 3 |  3.6
Shields        | 4 |  4.8
Armour         | 4 |  4.8
Dodging        | 1 |  1.5
Fighting       | 4 |  4.2

Action                   |  1- 3 |  4- 6 || total
-------------------------+-------+-------++-------
Melee: Long sword        |   155 |   235 ||   390
  Use: Scroll            |     3 |     5 ||     8
       Potion            |       |     5 ||     5
Armor: Scale mail        |   111 |    55 ||   166
       Chain mail        |       |    67 ||    67
Dodge: Dodged            |    86 |    87 ||   173
Block: Buckler           |    26 |    55 ||    81

Table legend: (Time is in decaauts)
 A = Elapsed time spent in this place.
 B = Non-inter-level travel time spent in this place.
 C = Inter-level travel time spent in this place.
 D = Time resting spent in this place.
 E = Time spent auto-exploring this place.
 F = Levels seen in this place.
 G = Mean time per level.
                   A        B        C        D        E       F      G
               +--------+--------+--------+--------+--------+-----+--------+
         Total |   3486 |   3419 |     67 |     16 |   2620 |   4 |  871.5 |
       Dungeon |   3486 |   3419 |     67 |     16 |   2620 |   4 |  871.5 |
               +--------+--------+--------+--------+--------+-----+--------+

Top non-repeatable levels by time:
     D:3: 1232 daAuts
     D:2: 1093 daAuts
     D:1: 907 daAuts
     D:4: 253 daAuts
